 Dungeon Crawl Stone Soup version 0.29-a0-369-gd956c00756 (webtiles) character file.

Game seed: 970548754359876701

8715 holysushi the Slicer (level 11, -15/72 HPs)
             Began as a Kobold Monk on May 2, 2022.
             Was an Initiate of Gozag.
             Shot with an arrow by a centaur warrior (21 damage)
             ... on level 10 of the Dungeon.
             The game lasted 00:10:28 (13633 turns).

holysushi the Slicer (Kobold Monk)                 Turns: 13633, Time: 00:10:30

Health: -15/72     AC:  7    Str:  8    XL:     11   Next: 61%
Magic:  11/11      EV: 25    Int: 12    God:    Gozag
Gold:   1209       SH:  0    Dex: 22    Spells: 10/10 levels left

rFire   . . .      SeeInvis .   e - +1 rapier (vorpal)
rCold   . . .      Faith    .   (no shield)
rNeg    . . .      Spirit   .   b - +0 robe
rPois   .          Reflect  .   v - +2 helmet
rElec   .          Harm     .   (no cloak)
rCorr   .          Rampage  .   f - +0 pair of gloves
Will    .....                   j - +0 pair of boots
Stlth   ++++++....              (no amulet)
HPRegen 0.22/turn               (no ring)
MPRegen 0.12/turn               (no ring)

@: no status effects
A: small, no large weapons, nightstalker 3
a: Renounce Religion, Potion Petition, Call Merchant, Bribe Branch


You were on level 10 of the Dungeon.
You worshipped Gozag.
Gozag was most pleased with you.
You visited 2 branches of the dungeon, and saw 11 of its levels.
You also visited: Ossuary.

You collected 1209 gold pieces.

Inventory:

Hand Weapons
 a - a +0 short sword
 e - a +1 vorpal rapier (weapon)
 q - a +1 dagger of chaos
Missiles
 G - a throwing net (quivered)
Armour
 b - a +0 robe (worn)
 f - a +0 pair of gloves (worn)
 j - a +0 pair of boots (worn)
 v - a +2 helmet (worn)
Wands
 y - a wand of iceblast (9)
 C - a wand of flame (12)
Scrolls
 h - 4 scrolls of immolation
 l - a scroll of amnesia
 n - 2 scrolls of identify
 r - 3 scrolls of teleportation
 u - a scroll of fear {unknown}
 w - a scroll of brand weapon
 x - a scroll of holy word {unknown}
 A - a scroll of vulnerability {unknown}
Potions
 c - a potion of ambrosia
 d - 3 potions of attraction
 g - 2 potions of berserk rage
 i - 5 potions of haste
 k - 2 potions of magic
 m - 6 potions of lignification {unknown}
 o - 2 potions of invisibility
 p - a potion of brilliance
 s - 4 potions of flight
 t - 6 potions of curing
 z - 3 potions of heal wounds
 E - 3 potions of mutation


   Skills:
 + Level 10.2 Fighting
 + Level 13.0 Short Blades
 * Level 11.9 Dodging
 - Level 9.0 Stealth
 - Level 3.0 Evocations


You had 10 spell levels left.
You didn't know any spells.
Your spell library contained the following spells:

 Spells                   Type           Power      Damage    Failure   Level
 Magic Dart               Conj           0%         1d3       32%         1
 Call Imp                 Summ           0%         N/A       45%         2
 Mephitic Cloud           Conj/Pois/Air  0%         N/A       69%         3
 Ozocubu's Armour         Ice            0%         N/A       69%         3
 Leda's Liquefaction      Hex/Erth       0%         N/A       97%         4
 Lee's Rapid Deconstruct  Erth           0%         3d5*      100%        5
 Summon Forest            Summ/Tloc      0%         N/A       100%        5
 Summon Mana Viper        Hex/Summ       0%         N/A       100%        5
 Statue Form              Tmut/Erth      0%         N/A       100%        6
 Summon Cactus Giant      Summ           0%         N/A       100%        6
 Ozocubu's Refrigeration  Ice            0%         4d5       100%        7


Dungeon Overview and Level Annotations

Branches:
Dungeon (10/15)            Temple (1/1) D:5            Lair (0/6) D:9
Ossuary (visited)
    Orc: D:9-12

Altars:
Ashenzari
Cheibriados
Dithmenos
Elyvilon
Fedhas
Gozag
Hepliaklqana
Kikubaaqudgha
Makhleb
Nemelex Xobeh
Okawaru
Qazlal
Ru
Sif Muna
Trog
Uskayaw
Vehumet
Wu Jian
Xom
Yredelemnul
Zin
The Shining One

Shops:
D:3 :

Annotations:
D:9 exclusion: downstairs


Innate Abilities, Weirdness & Mutations

You are small and have problems with some larger weapons.
You are completely attuned to the shadows.


Message History

You climb upwards.
There is a stone staircase leading down here.
You start resting.
HP restored.
You climb downwards.
The centaur warrior shoots an arrow.
The arrow hits you! The arrow burns you.
The centaur warrior shoots an arrow.
The arrow completely misses you.
The centaur warrior shoots an arrow.
The arrow hits you!! The arrow burns you.
The centaur warrior shoots an arrow.
The arrow hits you!
* * * LOW HITPOINT WARNING * * *
The centaur warrior shoots an arrow.
The arrow misses you.
There is a stone staircase leading up, spattered with blood here.
The centaur warrior shoots an arrow.
The arrow misses you.
The centaur warrior shoots an arrow.
The arrow closely misses you.
You climb upwards.
There is a stone staircase leading down here.
Unknown command.
You start resting.
HP restored.
Press: ? - help, v - describe, . - travel The floor.
(D) Dungeon (T) Temple (L) Lair
Where to? (Enter - D:9 @ (x,y), ? - help)
There is a stone staircase leading down, spattered with blood here.
You climb downwards.
The centaur warrior shoots an arrow.
The arrow completely misses you.
The centaur warrior shoots an arrow.
The arrow hits you! The arrow burns you.
The cyclops throws a large rock.
The large rock hits you!!
Found a potion of curing.
There is a stone staircase leading up, spattered with blood here.
Unknown command.
The centaur warrior shoots an arrow.
The arrow closely misses you.
The centaur warrior shoots an arrow.
The arrow hits you!!
* * * LOW HITPOINT WARNING * * *
The arrow burns you.
* * * LOW HITPOINT WARNING * * *
The centaur warrior shoots an arrow.
The arrow barely misses you.
The centaur warrior shoots an arrow.
The arrow hits you!!
You die...
Your body crumbles into a pile of gold.

$ .!. #.##
...##....
............
...........#
....@......#
###....$.$.#
#..ccC.:.#
#.....$.$#
#........#
.......##
........#
....<..#
.......#


You could see 2 centaur warriors and a cyclops.

Vanquished Creatures
  3 death yaks (D:9)
  Maggie (D:6)
  2 trolls (D:9)
  A hornet (D:8)
  Grinder (D:3)
  A shadow (D:7)
  10 yaks (D:9)
  4 vampire mosquitoes
  A water moccasin (D:7)
  An orc warrior (D:8)
  3 sky beasts
  A black bear (D:4)
  4 ice beasts
  3 ogres
  2 centaurs
  A phantom (D:5)
  6 bullfrogs
  5 scorpions
  9 wights
  A jelly (D:3)
  3 howler monkeys
  A crimson imp (D:4)
  2 centaur zombies (Ossuary)
  A human zombie (Ossuary)
  4 orc priests
  2 gnoll shamans
  5 hounds
  3 iguanas
  9 orc wizards
  A hell rat (D:9)
  3 mummies
  8 adders
  9 gnolls
  2 river rats (D:9)
  A shadow imp (D:7)
  An ufetubus (D:6)
  A worm (D:5)
  3 dart slugs
  25 orcs
  6 ball pythons
  11 endoplasms
  2 giant cockroaches
  8 goblins
  6 hobgoblins
  A jackal (D:3)
  12 kobolds
  4 quokkas
  10 bats
  2 frilled lizards
  2 gnoll zombies (Ossuary)
  A goblin zombie (Ossuary)
  A hobgoblin zombie (Ossuary)
  An orc zombie (Ossuary)
  5 rats
216 creatures vanquished.

Notes
Turn   | Place    | Note
-------+----------+-------------------------------------------
     0 | D:1      | holysushi the Kobold Monk began the quest for the Orb.
     0 | D:1      | Reached XP level 1. HP: 14/14 MP: 1/1
   386 | D:1      | Reached XP level 2. HP: 19/19 MP: 2/2
  1051 | D:2      | Reached skill level 5 in Short Blades
  1051 | D:2      | Reached XP level 3. HP: 24/24 MP: 3/3
  1366 | D:2      | Reached XP level 4. HP: 29/29 MP: 4/4
  1854 | D:2      | Found a faded altar of an unknown god.
  2340 | D:3      | Found Lueczer's Book Boutique.
  2685 | D:3      | Reached skill level 6 in Short Blades
  3057 | D:3      | Reached XP level 5. HP: 33/33 MP: 5/5
  3469 | D:3      | Noticed Grinder
  3471 | D:3      | Paralysed by Grinder for 6 turns
  3482 | D:3      | Killed Grinder
  3483 | D:3      | Reached skill level 5 in Fighting
  3483 | D:3      | Reached skill level 8 in Short Blades
  3483 | D:3      | Reached XP level 6. HP: 40/40 MP: 6/6
  3749 | D:4      | Reached XP level 7. HP: 44/44 MP: 7/7
  4114 | D:4      | Found a burning altar of Makhleb.
  4114 | D:4      | Found a shimmering altar of Xom.
  4216 | D:4      | HP: 1/45 [gnoll/+0 club[a gnoll shaman] (4)]
  4949 | D:4      | Reached XP level 8. HP: 51/51 MP: 8/8
  5232 | D:5      | Entered Level 5 of the Dungeon
  5261 | D:5      | Reached skill level 9 in Short Blades
  5296 | D:5      | Reached skill level 5 in Dodging
  5296 | D:5      | Reached skill level 5 in Stealth
  5360 | D:5      | Found a white marble altar of Elyvilon.
  5995 | D:5      | Found a staircase to the Ecumenical Temple.
  6243 | Temple   | Entered the Ecumenical Temple
  6441 | Temple   | Became a worshipper of Gozag Ym Sagoz the Greedy
  6515 | D:6      | Reached XP level 9. HP: 46/56 MP: 9/9
  6540 | D:6      | Found a sand-covered staircase.
  6548 | Ossuary  | Entered an ossuary
  6745 | Ossuary  | Reached skill level 10 in Short Blades
  6814 | D:6      | Noticed Maggie
  6817 | D:6      | Killed Maggie
  7360 | D:6      | Reached skill level 11 in Short Blades
  8192 | D:7      | Reached XP level 10. HP: 60/65 MP: 10/10
 10307 | D:9      | Noticed a death yak
 10310 | D:9      | Found a staircase to the Lair.
 10317 | D:9      | Killed a death yak
 10318 | D:9      | Reached skill level 12 in Short Blades
 10318 | D:9      | Noticed a death yak
 10418 | D:9      | Killed a death yak
 10419 | D:9      | Reached skill level 10 in Dodging
 10431 | D:9      | Noticed a death yak
 11222 | D:8      | Reached XP level 11. HP: 36/71 MP: 11/11
 11512 | D:8      | Reached skill level 1 in Evocations
 11861 | D:9      | Reached skill level 10 in Fighting
 12369 | D:9      | Found a bloodstained altar of Trog.
 12718 | D:9      | Killed a death yak
 12719 | D:9      | Reached skill level 13 in Short Blades
 13049 | D:10     | Entered Level 10 of the Dungeon
 13069 | D:10     | Noticed a centaur warrior
 13076 | D:10     | Noticed a centaur warrior
 13632 | D:10     | Noticed a cyclops
 13633 | D:10     | Shot with an arrow by a centaur warrior

Illustrated notes

Levels and vault maps discovered:
D:1:      heliophobic_arrival_ceremonial_halls, layout_loops_ring
D:2:      layout_basic, chequers_ecumenical_altar_lobes, st_stairs_3,
          minmay_liquid_box
D:3:      layout_loops_corners, serial_shops, nicolae_shop_hallway_stairs,
          minmay_joined_circles, uniq_grinder
D:4:      dreamdust_elfheim, layout_basic,
          grunt_temple_overflow_champion_of_chaos
D:5:      layout_gridville, nicolae_overflow_crystal_walls, temple_statues
D:6:      layout_gridville, gup_ossuary_entry_pyramid, uniq_maggie
D:7:      layout_loops_corners, roderic_filled_cross, minivault_4,
          minmay_misc_feat_tiny, kennysheep_small_spiral
D:8:      layout_loops_cross
D:9:      layout_loops_ring, mainiacjoe_overflow_paths, dpeg_lair_monsters
D:10:     minmay_cornered_nines, layout_irregular_city, hiddenorc1_lemuel,
          nicolae_trove_entry_isolated
Temple:   compressed_dpeg_circular_temple

Skill      XL: |  1  2  3  4  5  6  7  8  9 10 11 |
---------------+----------------------------------+-----
Short Blades   | 5 6 8 9 11 12 13 | 13.0
Fighting       | 4 5 6 8 9 10 | 10.2
Dodging        | 4 6 8 10 11 | 11.9
Stealth        | 4 6 8 9 |  9.0
Evocations     | 3 |  3.0

Action                   |  1- 3 |  4- 6 |  7- 9 | 10-12 || total
-------------------------+-------+-------+-------+-------++-------
Melee: Short sword       |     5 |       |       |       ||     5
       Rapier            |    19 |   114 |   224 |   332 ||   689
       Punch             |       |     2 |     4 |     9 ||    15
Evoke: Wand              |       |       |       |    13 ||    13
  Use: Scroll            |       |     9 |     1 |     7 ||    17
       Potion            |       |     2 |       |     1 ||     3
 Stab: Sleeping          |    17 |    17 |    28 |     7 ||    69
       Distracted        |       |       |     1 |     2 ||     3
       Paralysed         |       |       |       |     1 ||     1
Armor: Robe              |     3 |    11 |    15 |    25 ||    54
Dodge: Dodged            |     4 |    72 |   108 |   248 ||   432

Table legend: (Time is in decaauts)
 A = Elapsed time spent in this place.
 B = Non-inter-level travel time spent in this place.
 C = Inter-level travel time spent in this place.
 D = Time resting spent in this place.
 E = Time spent auto-exploring this place.
 F = Levels seen in this place.
 G = Mean time per level.
                   A        B        C        D        E       F      G
               +--------+--------+--------+--------+--------+-----+--------+
         Total |  13432 |  12899 |    533 |   3395 |   7808 |  12 | 1119.3 |
       Dungeon |  13008 |  12520 |    488 |   3395 |   7555 |  10 | 1300.8 |
        Temple |    214 |    169 |     45 |      0 |    114 |   1 |  214.0 |
       Ossuary |    209 |    209 |      0 |      0 |    139 |   1 |  209.0 |
               +--------+--------+--------+--------+--------+-----+--------+

Top non-repeatable levels by time:
     D:9: 2467 daAuts
     D:8: 1953 daAuts
     D:4: 1514 daAuts
     D:3: 1494 daAuts
     D:2: 1305 daAuts
     D:7: 1158 daAuts
     D:6: 1143 daAuts
     D:5: 1041 daAuts
     D:1: 903 daAuts
  Temple: 214 daAuts
 Ossuary: 209 daAuts
    D:10: 26 daAuts
